 Dungeon Crawl Stone Soup version 0.27.1-34-g3ba077fa99 (webtiles) character file.

Game seed: 12613831244060280297

126 cbfl8 the Covered (level 4, 0/40 HPs)
             Began as a Minotaur Fighter on Jan 18, 2022.
             Succumbed to an adder's poison
             ... on level 3 of the Dungeon.
             The game lasted 00:02:53 (1662 turns).

cbfl8 the Covered (Minotaur Fighter)                Turns: 1662, Time: 00:02:54

Health: 0/40       AC:  8    Str: 21    XL:     4   Next: 83%
Magic:  3/3        EV:  7    Int:  6    God:
Gold:   93         SH:  9    Dex:  9    Spells: 3/3 levels left

rFire    . . .     SeeInvis .   a - +0 war axe
rCold    . . .     Faith    .   c - +0 kite shield
rNeg     . . .     Spirit   .   b - +0 scale mail
rPois    .         Reflect  .   (helmet restricted)
rElec    .         Harm     .   (no cloak)
rCorr    .         Rampage  .   (no gloves)
Will     .....                  m - +0 pair of boots
Stlth    ..........             (no amulet)
HPRegen  0.13/turn              (no ring)
MPRegen  0.08/turn              (no ring)

@: lethally poisoned (0 -> -4)
A: horns 2, retaliatory headbutt
a: no special abilities


You were on level 3 of the Dungeon.
You visited 1 branch of the dungeon, and saw 3 of its levels.

You collected 93 gold pieces.

Inventory:

Hand Weapons
 a - a +0 war axe (weapon)
Missiles
 o - 3 boomerangs of dispersal (quivered)
Armour
 b - a +0 scale mail (worn)
 c - a +0 kite shield (worn)
 m - a +0 pair of boots (worn)
Scrolls
 f - a scroll of identify {unknown}
 i - a scroll of brand weapon {unknown}
 l - a scroll of magic mapping {unknown}
 n - a scroll of teleportation {unknown}
Potions
 e - a potion of brilliance
 g - a potion of haste
 h - a potion of degeneration {unknown}
 j - a potion of curing {unknown}
 k - a potion of attraction {unknown}


   Skills:
 + Level 4.3 Fighting
 + Level 3.6 Axes
 + Level 4.9 Armour
 + Level 0.4 Dodging
 + Level 0.1 Stealth
 + Level 4.4 Shields


You had 3 spell levels left.
You didn't know any spells.
Your spell library was empty.

Dungeon Overview and Level Annotations

Branches:
Dungeon (3/15)

Altars:


Innate Abilities, Weirdness & Mutations

You have a pair of horns on your head.
You reflexively headbutt those who attack you in melee.


Message History

You feel sick.
The adder bites you but does no damage. x2
A frilled lizard and a ball python come into view.
* * * LOW HITPOINT WARNING * * *
You feel sick.
The ball python hisses angrily.
You see here an adder corpse.
* * * LOW HITPOINT WARNING * * *
You feel sick.
A rat comes into view.
* * * LOW HITPOINT WARNING * * *
You feel sick.
You are no longer poisoned.
Unknown command.
The ball python closely misses you. You block the ball python's attack.
You block the frilled lizard's attack.
Found a scroll labelled JOABEPHUO.
A quokka comes into view.
A kobold comes into view. It is wielding a +0 short sword.
The kobold moves out of view.
Found a club.
The adder barely misses you. You furiously retaliate!
You headbutt the adder!
Found a robe.
The adder bites you but does no damage. You block the rat's attack.
You block the quokka's attack.
Found a stone staircase leading down.
The rat twitches its whiskers.
The quokka twitches its whiskers.
The adder bites you but does no damage.
The quokka bites you but does no damage.
Your extra speed is starting to run out.
You feel yourself slow down. The adder bites you.
* * * LOW HITPOINT WARNING * * *
You are lethally poisoned!
The adder poisons you!
* * * LOW HITPOINT WARNING * * *
You feel sick.
* * * LOW HITPOINT WARNING * * *
You feel sick. The adder bites you but does no damage.
You die...

. . .
.#############
..K...SS.r..S#
..r###+#####.#
.........# #.#
.........#
#.##########.
.r.......#
#.rS.@.......
...).....#
############.
...####..###
...........
#......#.#####
#............#
#............#
#####........#
#........#


You could see an adder and a quokka.

Vanquished Creatures
  An orc priest (D:3)
  An orc wizard (D:3)
  4 adders
  5 orcs
  5 ball pythons
  4 endoplasms (D:1)
  A goblin (D:2)
  2 hobgoblins
  A quokka (D:1)
  3 bats
  A frilled lizard (D:3)
  5 kobolds
  3 rats (D:2)
36 creatures vanquished.

Notes
Turn   | Place    | Note
-------+----------+-------------------------------------------
     0 | D:1      | cbfl8 the Minotaur Fighter began the quest for the Orb.
     0 | D:1      | Reached XP level 1. HP: 19/19 MP: 0/0
   406 | D:1      | Reached XP level 2. HP: 26/27 MP: 1/1
  1064 | D:2      | Reached XP level 3. HP: 27/33 MP: 2/2
  1519 | D:3      | Reached XP level 4. HP: 6/40 MP: 3/3
  1623 | D:3      | HP: 2/40 [poisoned by an adder]
  1660 | D:3      | HP: 1/40 [poisoned by an adder]
  1662 | D:3      | Succumbed to an adder's poison

Illustrated notes

Levels and vault maps discovered:
D:1:      shiori_arrival_maze, layout_loops_ring, serial_bayou_pond_a
D:2:      layout_rooms, grunt_ministairs_2
D:3:      layout_basic, shapermc_ecumenical_altar_pompeii

Skill      XL: |  1  2  3 |
---------------+----------+-----
Armour         | 4 |  4.9
Shields        | 4 |  4.4
Fighting       | 4 |  4.3
Axes           | 3 |  3.6
Dodging        | |  0.4
Stealth        | |  0.1

Action                   |  1- 3 |  4- 6 || total
-------------------------+-------+-------++-------
Melee: War axe           |    60 |     6 ||    66
       Headbutt          |    12 |       ||    12
  Use: Potion            |     2 |     2 ||     4
Armor: Scale mail        |    51 |    10 ||    61
Dodge: Dodged            |    27 |     6 ||    33
Block: Kite shield       |    65 |    12 ||    77
